 Dungeon Crawl Stone Soup version 0.30-a0-737-gf23d94013f (console) character file.

Game seed: 3562676563743668681

14 petzl the Sneak (level 2, 0/22 (24) HPs)
             Began as a Formicid Delver on Feb 2, 2023.
             Slain by an iguana (8 damage)
             ... on level 4 of the Dungeon.
             The game lasted 00:05:26 (917 turns).

petzl the Sneak (Formicid Delver)                    Turns: 917, Time: 00:05:26

HP:   0/22 (24)     AC:  3    Str: 16    XL:     2   Next: 60%
MP:   3/3           EV: 12    Int:  9    God:
Gold: 67            SH:  0    Dex: 15    Spells: 2/2 levels left

rFire   . . .      SeeInvis +    a - +0 mace
rCold   . . .      Faith    .    (no shield)
rNeg    . . .      Spirit   .    b - +0 leather armour
rPois   .          Reflect  .    (helmet unavailable)
rElec   .          Harm     .    (no cloak)
rCorr   .          Rampage  .    (no gloves)
Will    .....                    (no boots)
Stlth   +++                      j - amulet of magic regeneration
HPRegen 0.23/turn                (no ring)
MPRegen 0.48/turn                (no ring)

@: drained
A: permanent stasis, dig shafts and tunnels, antennae 3, four strong arms
a: Dig, Shaft Self


You were on level 4 of the Dungeon.
You visited 1 branch of the dungeon, and saw 3 of its levels.

You collected 67 gold pieces.

Inventory:

Hand Weapons
 a - a +0 mace (weapon)
Missiles
 k - 17 stones
Armour
 b - a +0 leather armour (worn)
Jewellery
 j - an amulet of magic regeneration (around neck)
Wands
 g - a wand of digging (3)
Scrolls
 c - a scroll of fog
 d - a scroll of magic mapping
 e - a scroll of immolation {unknown}
 h - a scroll of vulnerability {unknown}
 l - a scroll of butterflies {unknown}
 m - a scroll of identify {unknown}
 o - a scroll of teleportation {unknown}
 p - a scroll of noise {unknown}
Potions
 f - a potion of haste
 i - a potion of attraction {unknown}
 n - 2 potions of flight {unknown}


   Skills:
 - Level 3.4 Fighting
 - Level 2.2 Maces & Flails
 - Level 2.0 Dodging
 - Level 6.1 Stealth
 + Level 0.9 Spellcasting


You had 2 spell levels left.
You didn't know any spells.
Your spell library was empty.

Dungeon Overview and Level Annotations

Branches:
Dungeon (6/15)
 Temple: D:4-7

Altars:

Annotations:
D:4 exclusions: jelly and sensed monster (detected)
D:5 exclusions: 3 scorpions and sensed monster (detected), Blork the orc, Dowan, Duvessa, Prince Ribbit
D:6 Grinder, Sigmund


Innate Abilities, Weirdness & Mutations

You cannot be hasted, slowed, berserked, paralysed or teleported.
You can dig through walls and to a lower floor.
You have a pair of large antennae on your head. (SInv)
Your four strong arms can wield two-handed weapons with a shield.


Message History

o - a scroll labelled PUAGEBRAHIE
Found a scroll labelled WIUCWO KUFA.
p - a scroll labelled WIUCWO KUFA
Okay, then.
A jelly comes into view.
Press: ? - help, v - describe, . - travel
Here: a jelly (asleep)
The floor.
Placed new exclusion.
Unknown command.
You extend your mandibles.
You dig through the rock wall.
You feel drained.
You retract your mandibles.
A hobgoblin comes into view.
The helpless hobgoblin fails to defend itself.
You thump the hobgoblin!
You kill the hobgoblin!
You see here a hobgoblin corpse.
An iguana comes into view.
The helpless iguana fails to defend itself.
You sock the iguana!
The iguana is heavily wounded.
The iguana bites you.
You barely miss the iguana.
The iguana is heavily wounded.
The iguana closely misses you.
You barely miss the iguana. You punch the iguana, but do no damage.
The iguana is heavily wounded.
The iguana closely misses you. x2
You hit the iguana but do no damage.
The iguana is heavily wounded.
The iguana bites you.
You closely miss the iguana.
The iguana is heavily wounded.
The iguana bites you!
Ouch! That really hurt!
You hit the iguana.
The iguana is almost dead.
The iguana bites you!
You die...

#.# #....#.## +.......
#.# #.##.#.# #.
#######. #.# ..
##.#.#.... ## #.#
#####>........ #.#
#.........###
#.##################
#..##..............##
#...'..)............##
#.###................##
{ #.#
##############....# {
#.# ##...# {{
#.################....#
#.#.#................##
#.#.'...............##
#.#.#..............##
#.#.################
#†#.#.# #.#..# #.#.#.#
#.#l.# #.#.#.# #.#@.#
#.#.#.####.#..#
#.#.#......#..#
#.#.#..#####..####
#.#.#............#
#.#.#...########.#
#######.#............ #
#...^.......#..###...
##.#.##.#####..#
#.####........# #.#
##..####.# { #.#
#..####.# #.# #........
#.# #...###### #.#
#...# #.# #...# #.#
#...# ######### #.#
#...# #........ #.#
#J..# #.#######


You could see an iguana.

Vanquished Creatures
  A dart slug (D:4)
  An orc (D:4)
  2 endoplasms (D:4)
  2 goblins (D:4)
  A hobgoblin (D:4)
  A kobold (D:4)
  2 ball pythons (D:4)
10 creatures vanquished.

Notes
Turn   | Place    | Note
-------+----------+-------------------------------------------
     0 | D:5      | petzl the Formicid Delver began the quest for the Orb.
     0 | D:5      | Reached XP level 1. HP: 18/18 MP: 1/1
    46 | D:5      | Noticed a scorpion
   121 | D:5      | Noticed a scorpion
   154 | D:5      | Noticed Duvessa
   154 | D:5      | Noticed Prince Ribbit
   154 | D:5      | Noticed a water moccasin
   154 | D:5      | Noticed a black bear
   155 | D:5      | Noticed an orc wizard
   155 | D:5      | Noticed Dowan
   155 | D:5      | Noticed Blork the orc
   158 | D:6      | Noticed Grinder
   160 | D:6      | Noticed Sigmund
   273 | D:5      | Noticed a scorpion
   278 | D:5      | Noticed a hound
   391 | D:4      | Reached XP level 2. HP: 22/24 MP: 2/2
   917 | D:4      | Slain by an iguana

Illustrated notes

Levels and vault maps discovered:
D:4:      layout_basic, st_stairs_14, nrook_uturn
D:5:      layout_rooms, mainiacjoe_overflow_alcove_2,
          minmay_temple_entry_offerings, uniq_duvessa, uniq_prince_ribbit1,
          uniq_blork_the_orc
D:6:      layout_rooms, yredelemnul_forgotten_temple_becter,
          fedhas_bush_and_centaur_altar, uniq_sigmund, uniq_maggie,
          uniq_grinder, uniq_menkaure

Skill      XL: |  1  2 |
---------------+-------+-----
Dodging        | 2 |  2.0
Fighting       | |  3.4
Maces & Flails | |  2.2
Stealth        | |  6.1
Spellcasting   | |  0.9

Action                     || total
---------------------------++-------
  Melee: Mace              ||    23
         Punch             ||     1
Ability: Dig               ||     1
    Use: Scroll            ||     1
   Stab: Sleeping          ||     4
 Armour: Leather armour    ||     2
  Dodge: Dodged            ||    11

Table legend: (Time is in decaauts)
 A = Elapsed time spent in this place.
 B = Non-inter-level travel time spent in this place.
 C = Inter-level travel time spent in this place.
 D = Time resting spent in this place.
 E = Time spent auto-exploring this place.
 F = Levels seen in this place.
 G = Mean time per level.
                   A        B        C        D        E       F      G
               +--------+--------+--------+--------+--------+-----+--------+
         Total |    926 |    926 |      0 |     44 |    287 |   3 |  308.7 |
       Dungeon |    926 |    926 |      0 |     44 |    287 |   3 |  308.7 |
               +--------+--------+--------+--------+--------+-----+--------+

Top non-repeatable levels by time:
     D:4: 715 daAuts
     D:5: 178 daAuts
     D:6: 32 daAuts
